 Dungeon Crawl Stone Soup version 0.29-a0-495-g17b79114eb (webtiles) character file.

Game seed: 2181407490606067614

292 hquester the Skirmisher (level 6, -1/62 HPs)
             Began as a Troll Fighter on May 28, 2022.
             Slain by a bullfrog (7 damage)
             ... in a sewer.
             The game lasted 00:08:20 (1638 turns).

hquester the Skirmisher (Troll Fighter)             Turns: 1638, Time: 00:08:21

Health: -1/62      AC:  4    Str: 25    XL:     6   Next: 10%
Magic:  5/5        EV:  9    Int:  4    God:
Gold:   114        SH:  8    Dex: 11    Spells: 5/5 levels left

rFire   . . .      SeeInvis .     - Unarmed
rCold   . . .      Faith    .   b - +0 kite shield
rNeg    . . .      Spirit   .   a - +0 robe
rPois   .          Reflect  .   (helmet restricted)
rElec   .          Harm     .   (no cloak)
rCorr   .          Rampage  .   (gloves unavailable)
Will    .....                   (boots unavailable)
Stlth   +.........              (no amulet)
HPRegen 1.00/turn               (no ring)
MPRegen 0.09/turn               (no ring)

@: no status effects
A: large, unfitting armour, claws 3, regeneration 1, shaggy fur 1, tough skin 1
a: no special abilities


You were in a sewer.
You visited 1 branch of the dungeon, and saw 3 of its levels.
You also visited: Sewer.

You collected 114 gold pieces.

Inventory:

Hand Weapons
 e - a +0 mace
 o - a +0 morningstar
 p - a +1 dagger of speed
Armour
 a - a +0 robe (worn)
 b - a +0 kite shield (worn)
 n - an orb of mayhem
Jewellery
 g - an amulet of magic regeneration
Scrolls
 h - 5 scrolls of identify {unknown}
 i - a scroll of amnesia {unknown}
 k - a scroll of blinking
 l - a scroll of poison {unknown}
Potions
 c - 2 potions of might
 d - 2 potions of heal wounds {unknown}
 f - a potion of curing {unknown}
 j - a potion of flight {unknown}
 m - a potion of berserk rage {unknown}


   Skills:
 * Level 4.0 Fighting
 + Level 3.3 Dodging
 + Level 3.6 Shields
 + Level 3.3 Unarmed Combat


You had 5 spell levels left.
You didn't know any spells.
Your spell library contained the following spells:

 Spells                   Type           Power      Damage    Failure   Level
 Gell's Gravitas          Tloc           0%         N/A       99%         3
 Lesser Beckoning         Tloc           0%         N/A       99%         3
 Teleport Other           Tloc           0%         N/A       99%         3


Dungeon Overview and Level Annotations

Branches:
Dungeon (3/15)              Sewer (1/1)

Altars:

Shops:
D:3 *


Innate Abilities, Weirdness & Mutations

You are too large for most types of armour.
You have claws for hands.
Your natural rate of healing is unusually fast.
You are covered in fur. (AC +1)
You have tough skin. (AC +1)


Message History

The bullfrog attacks as you move away! The bullfrog closely misses you. x2
You block the bullfrog's attack. The bullfrog hits you!
The bullfrog hits you but does no damage.
You closely miss the bullfrog. You block the bullfrog's attack.
The bullfrog hits you. x3
* * * LOW HITPOINT WARNING * * *
You barely miss the bullfrog.
The bullfrog hits you but does no damage.
The bullfrog closely misses you.
You claw the bullfrog!
The bullfrog is heavily wounded.
You block the bullfrog's attack. x2; The bullfrog hits you.
* * * LOW HITPOINT WARNING * * *
The bullfrog hits you.
* * * LOW HITPOINT WARNING * * *
You claw the bullfrog!
You kill the bullfrog!
The bullfrog hits you but does no damage.
Your Fighting skill increases to level 4!
You have reached level 6!
You feel stronger.
You closely miss the bullfrog. The bullfrog barely misses you.
The bullfrog hits you.
* * * LOW HITPOINT WARNING * * *
You claw the bullfrog!
The bullfrog is severely wounded.
The bullfrog hits you.
* * * LOW HITPOINT WARNING * * *
You closely miss the bullfrog.
The bullfrog is severely wounded.
You block the bullfrog's attack.
The bullfrog hits you but does no damage.
You closely miss the bullfrog.
The bullfrog is severely wounded.
The bullfrog hits you.
* * * LOW HITPOINT WARNING * * *
You closely miss the bullfrog.
The bullfrog is severely wounded.
The bullfrog hits you!
You die...

#.≈≈≈≈####≈≈≈≈≈≈≈≈ #.
#≈≈≈≈≈##≈≈≈≈≈≈≈≈≈≈≈≈≈ #.
#.≈≈≈≈#≈≈≈≈∩≈≈≈≈≈≈≈≈≈ #≈
#†≈≈≈≈≈≈≈≈...≈≈≈...≈≈ #≈
#≈≈≈≈≈≈≈≈≈.≈≈.≈)!.≈.≈≈≈≈≈# #≈
#≈≈≈≈≈≈≈≈≈≈≈.≈≈[!).≈≈≈≈≈≈# #≈
#†≈≈≈≈≈≈≈≈≈≈.≈≈.?≈≈≈≈≈≈≈≈# #.
#.≈≈≈≈≈≈≈≈≈≈≈.≈≈≈≈≈≈≈≈≈≈≈# #.
#≈≈≈≈≈≈≈≈≈≈≈F@≈≈≈≈≈≈≈≈≈≈# #.
#.≈≈≈.≈≈≈≈≈≈≈≈≈≈≈≈≈≈≈≈≈≈# #≈
#.≈≈≈.≈≈≈≈≈≈≈≈≈≈≈≈≈≈≈≈#######.
#.≈≈≈≈..≈≈≈≈≈≈≈≈≈≈.........≈≈.
#.≈≈≈≈≈≈≈≈≈≈≈≈≈≈≈≈≈≈≈≈≈≈≈≈≈≈≈≈
#.≈≈≈≈≈≈≈≈≈≈≈≈≈≈≈≈≈≈≈≈≈≈≈≈≈≈≈≈
#..≈≈≈≈≈≈≈≈≈≈≈≈≈≈≈≈≈≈≈≈≈≈≈≈≈≈≈
##........................≈≈≈≈
############################.


You could see a bullfrog.

Vanquished Creatures
  A bullfrog (Sewer)
  An iguana (D:3)
  3 orc wizards (D:3)
  5 adders
  2 worms (D:3)
  6 orcs (D:3)
  6 ball pythons
  3 bats
  3 endoplasms
  10 giant cockroaches
  8 hobgoblins
  5 quokkas
  7 frilled lizards
  5 goblins
  5 kobolds
  7 rats
77 creatures vanquished.

Notes
Turn   | Place    | Note
-------+----------+-------------------------------------------
     0 | D:1      | hquester the Troll Fighter began the quest for the Orb.
     0 | D:1      | Reached XP level 1. HP: 22/22 MP: 0/0
   175 | D:1      | Reached XP level 2. HP: 29/29 MP: 1/1
   581 | D:2      | Found a faded altar of an unknown god.
   660 | D:2      | Reached XP level 3. HP: 34/36 MP: 2/2
   827 | D:2      | Reached skill level 3 in Fighting
  1062 | D:3      | Reached XP level 4. HP: 45/45 MP: 3/3
  1223 | D:3      | Reached XP level 5. HP: 36/53 MP: 4/4
  1293 | D:3      | Identified the +4 pair of boots "Heossioq" {rF+ Dex+4}
  1339 | D:3      | Found Diopoedic's Assorted Antiques.
  1433 | D:3      | Found a glowing drain.
  1437 | Sewer    | Entered a sewer
  1634 | Sewer    | Reached skill level 4 in Fighting
  1634 | Sewer    | Reached XP level 6. HP: 12/62 MP: 5/5
  1638 | Sewer    | Slain by a bullfrog

Illustrated notes

Levels and vault maps discovered:
D:1:      minmay_arrival_four_loops, layout_basic
D:2:      layout_rooms, nicolae_ecumenical_oubliette
D:3:      minmay_general_purpose_star, layout_basic, serial_shops,
          nicolae_shop_statue_plus, gup_sewer_entry_spiral
Sewer:    sewer_frog_island_01

Skill      XL: |  1  2  3  4  5 |
---------------+----------------+-----
Shields        | 3 |  3.6
Fighting       | 3 4 |  4.0
Dodging        | 3 |  3.3
Unarmed Combat | 3 |  3.3

Action                   |  1- 3 |  4- 6 || total
-------------------------+-------+-------++-------
Melee: Unarmed           |    82 |   132 ||   214
 Stab: Sleeping          |       |     1 ||     1
Armor: Robe              |    21 |    30 ||    51
Dodge: Dodged            |    25 |    44 ||    69
Block: Kite shield       |    30 |    50 ||    80

Table legend: (Time is in decaauts)
 A = Elapsed time spent in this place.
 B = Non-inter-level travel time spent in this place.
 C = Inter-level travel time spent in this place.
 D = Time resting spent in this place.
 E = Time spent auto-exploring this place.
 F = Levels seen in this place.
 G = Mean time per level.
                   A        B        C        D        E       F      G
               +--------+--------+--------+--------+--------+-----+--------+
         Total |   1703 |   1662 |     41 |     20 |    773 |   4 |  425.8 |
       Dungeon |   1469 |   1428 |     41 |     20 |    692 |   3 |  489.7 |
         Sewer |    233 |    233 |      0 |      0 |     81 |   1 |  233.0 |
               +--------+--------+--------+--------+--------+-----+--------+

Top non-repeatable levels by time:
     D:1: 645 daAuts
     D:3: 416 daAuts
     D:2: 408 daAuts
   Sewer: 233 daAuts
